 Dungeon Crawl Stone Soup version 0.18.1-8-gdd0e5ea (webtiles) character file.

5768 Ery the Basher (level 10, -8/91 HPs)
             Began as a Minotaur Berserker on June 10, 2016.
             Was an Elder of Trog.
             Mangled by Erica
             ... wielding a +0 scimitar of flaming
              (10 damage)
             ... on level 9 of the Dungeon.
             The game lasted 00:37:21 (7732 turns).

Ery the Basher (Minotaur Berserker)                 Turns: 7732, Time: 00:37:21

Health: -8/91      AC: 18    Str: 24    XL:     10   Next: 49%
Magic:  9/9        EV:  8    Int:  4    God:    Trog [****..]
Gold:   593        SH: 16    Dex: 13    Spells: 0 memorised, 9 levels left

rFire  . . .     SeeInvis .     y - +1 morningstar (protect)
rCold  . . .     Gourm    +     L - +0 chain mail
rNeg   . . .     Faith    .     g - +0 large shield
rPois  .         Spirit   .     (helmet restricted)
rElec  .         Dismiss  .     B - +0 cloak
rCorr  .         Reflect  .     C - +0 pair of gloves
SustAt .         Harm     .     (no boots)
MR     .....                    K - amulet of the gourmand
Stlth  ..........               (no ring)
                                r - +2 ring of strength

@: exhausted, slowed, very slow, not resistant to hostile enchantments,
extremely unstealthy
A: retaliatory headbutt, horns 2
a: Berserk, Trog's Hand, Brothers in Arms, Burn Spellbooks, Renounce Religion


You were on level 9 of the Dungeon.
You worshipped Trog.
Trog was greatly pleased with you.
You were not hungry.

You visited 1 branch of the dungeon, and saw 9 of its levels.

You collected 593 gold pieces.

Inventory:

Hand Weapons
 y - a +1 morningstar of protection (weapon)
 P - a +1 flail of venom
Armour
 g - a +0 large shield (worn)
 B - a +0 cloak (worn)
 C - a +0 pair of gloves (worn)
 L - a +0 chain mail (worn)
Jewellery
 r - a +2 ring of strength (left hand)
 K - an amulet of the gourmand (around neck)
Wands
 l - a wand of slowing (9/48)
 p - a wand of paralysis (12/24)
 F - a wand of digging (14/24)
 J - a wand of iceblast (7/15)
 N - a wand of flame (36/48)
Scrolls
 a - 2 scrolls of random uselessness {unknown}
 d - a scroll of fear {unknown}
 k - 2 scrolls of enchant weapon {unknown}
 m - a scroll of enchant armour {unknown}
 n - 2 scrolls of recharging {unknown}
 s - 3 scrolls of teleportation
 w - 2 scrolls of magic mapping {unknown}
 x - 4 scrolls of immolation {unknown}
 z - 2 scrolls of amnesia {unknown}
 D - a scroll of vulnerability {unknown}
 E - 2 scrolls of fog {unknown}
 H - 6 scrolls of identify
 I - a scroll of silence {unknown}
 M - a scroll of noise {unknown}
 O - a scroll of remove curse
Potions
 e - 4 potions of haste {unknown}
 f - a potion of ambrosia {unknown}
 h - 5 potions of flight
 i - 6 potions of curing
 j - 4 potions of degeneration {unknown}
 q - 2 potions of brilliance {unknown}
 t - 2 potions of lignification {unknown}
 u - 2 potions of magic {unknown}
 v - a potion of cancellation {unknown}
 A - 2 potions of berserk rage {unknown}
 G - a potion of resistance {unknown}
Comestibles
 b - 26 fruits
 c - 5 bread rations
 o - a beef jerky


   Skills:
 * Level 9.3 Fighting
 * Level 11.0 Maces & Flails
 * Level 8.2 Armour
 + Level 6.7 Dodging
 + Level 2.0 Stealth
 + Level 7.2 Shields


You had 9 spell levels left.
You didn't know any spells.

Dungeon Overview and Level Annotations

Branches:
Dungeon (9/15)             Temple (0/1) D:6             Orc (0/2) D:9
   Lair: D:8-11

Altars:
Ashenzari
Cheibriados
Makhleb
Nemelex Xobeh
Okawaru
Ru
Vehumet

Shops:
D:4 (

Annotations:
D:8 Erolcha
D:9 Erica


Innate Abilities, Weirdness & Mutations

You reflexively headbutt those who attack you in melee.
You have a pair of horns on your head.


Message History

* * * LOW HITPOINT WARNING * * *
Something burns you.
* * * LOW HITPOINT WARNING * * *
You miss something. Something hits you but does no damage.
You hit something.
You feel sick. Something hits you.
* * * LOW HITPOINT WARNING * * *
Something burns you.
* * * LOW HITPOINT WARNING * * *
Your shield and chain mail prevent you from hitting something.
Your headbutt misses something. Something hits you but does no damage.
You feel better. Something hits you but does no damage. Something hits you!
* * * LOW HITPOINT WARNING * * *
Something burns you.
* * * LOW HITPOINT WARNING * * *
Unknown command.
You fail to use your ability.
You hear some strange, mumbled words.
Something tries to affect you, but you resist.
Something hits you!
You die...

.......# ...# ........# ...#
P......# ....###### .......#
....#.....
#..#...#.....#.....
#..#...#.....#.....
.#########..#)..'.....#.....
...........#...#.... #.....
#.....#..@#...# ... #.....
#.....#...#...#######.....
#....(#...#...#.....#.....
#.....'...'...'.....#)....
#.....#...#...#.....#.....
#.....#####...#######.....
###'###...#...#...........
#.........#...............
#.........#...............


There were no monsters in sight!

Vanquished Creatures
  The ghost of modulok the Carver, a novice HuFi (D:7)
  Pikel (D:6)
  Prince Ribbit (D:6)
  A two-headed ogre (D:7)
  Edmund (D:6)
  A wyvern (D:9)
  A hippogriff (D:7)
  2 vampire mosquitoes (D:9)
  Menkaure (D:5)
  A water moccasin (D:5)
  2 orc warriors
  3 slaves (D:6)
  A black bear (D:8)
  A necrophage (D:8)
  7 ogres
  A phantom (D:5)
  3 centaurs
  A big kobold (D:8)
  4 giant frogs
  4 scorpions
  3 killer bees (D:7)
  A howler monkey (D:5)
  A crimson imp (D:7)
  A giant frog zombie (D:8)
  A jelly (D:5)
  3 orc priests
  8 hounds
  A wasp zombie (D:9)
  A centaur skeleton (D:9)
  5 orc wizards
  2 giant frog skeletons (D:8)
  An iguana (D:6)
  7 worker ants
  A hound zombie (D:7)
  2 hound skeletons
  A mummy (D:4)
  A worker ant zombie (D:8)
  Robin (D:2)
  3 gnolls (D:4)
  11 adders
  2 oozes
  2 adder skeletons
  3 worms
  5 dart slugs
  3 giant geckos
  17 orcs
  A ball python (D:5)
  8 giant cockroaches
  11 goblins
  11 hobgoblins
  9 jackals
  7 kobolds
  2 quokkas
  11 bats
  5 giant newts
  A jackal skeleton (D:7)
  A kobold zombie (D:4)
  3 orc zombies (D:4)
  A quokka zombie (D:9)
  6 rats
202 creatures vanquished.

Vanquished Creatures (collateral kills)
  2 vampire mosquitoes (D:9)
  A sky beast (D:9)
  An orc wizard (D:9)
4 creatures vanquished.

Vanquished Creatures (others)
  Maurice (D:9)
  A slave (D:6)
  An ogre (D:6)
3 creatures vanquished.

Grand Total: 209 creatures vanquished

Notes
Turn   | Place    | Note
--------------------------------------------------------------
     0 | D:1      | Ery the Minotaur Berserker began the quest for the Orb.
     0 | D:1      | Reached XP level 1. HP: 19/19 MP: 0/0
    75 | D:1      | Reached XP level 2. HP: 10/27 MP: 1/1
   284 | D:1      | Reached skill level 4 in Maces & Flails
   457 | D:1      | Reached XP level 3. HP: 29/33 MP: 2/2
   771 | D:2      | Reached ** piety under Trog
   836 | D:2      | Found a faded altar to an unknown god.
   894 | D:2      | Reached XP level 4. HP: 31/40 MP: 3/3
  1123 | D:2      | Found a snail-covered altar of Cheibriados.
  1151 | D:2      | Noticed Robin
  1170 | D:2      | Killed Robin
  1170 | D:2      | Reached skill level 1 in Shields
  1273 | D:2      | Found a burning altar of Makhleb.
  1570 | D:2      | Reached XP level 5. HP: 43/47 MP: 4/4
  1769 | D:3      | Reached *** piety under Trog
  2324 | D:4      | Found a radiant altar of Vehumet.
  2394 | D:4      | Reached skill level 5 in Maces & Flails
  2658 | D:4      | Found Vesh's Weapon Boutique.
  2666 | D:4      | Reached skill level 5 in Fighting
  2666 | D:4      | Reached XP level 6. HP: 43/56 MP: 5/5
  3319 | D:5      | Entered Level 5 of the Dungeon
  3322 | D:5      | Noticed Menkaure
  3351 | D:5      | Killed Menkaure
  3351 | D:5      | Reached XP level 7. HP: 11/62 MP: 6/6
  3687 | D:5      | Reached skill level 6 in Maces & Flails
  3798 | D:5      | Reached skill level 1 in Stealth
  3808 | D:5      | Reached skill level 7 in Maces & Flails
  3808 | D:5      | Reached skill level 5 in Armour
  3808 | D:5      | Reached XP level 8. HP: 67/71 MP: 7/7
  3814 | D:5      | Reached **** piety under Trog
  4112 | D:5      | Reached skill level 5 in Dodging
  4143 | D:5      | Found an iron altar of Okawaru.
  4358 | D:6      | Found a staircase to the Ecumenical Temple.
  4584 | D:6      | Noticed Prince Ribbit
  4587 | D:6      | Noticed Pikel
  4610 | D:6      | Reached skill level 8 in Maces & Flails
  4631 | D:6      | Killed Pikel
  4631 | D:6      | Reached skill level 5 in Shields
  4631 | D:6      | Reached XP level 9. HP: 75/79 MP: 8/8
  4641 | D:6      | Killed Prince Ribbit
  4769 | D:6      | Reached skill level 9 in Maces & Flails
  4947 | D:6      | Noticed Edmund
  4951 | D:6      | Killed Edmund
  5126 | D:7      | Found a shattered altar of Ashenzari.
  5326 | D:7      | Noticed modulok's ghost (novice HuFi)
  5344 | D:7      | Killed modulok's ghost
  5666 | D:7      | Reached skill level 10 in Maces & Flails
  6138 | D:7      | Reached XP level 10. HP: 90/90 MP: 9/9
  6571 | D:8      | Reached ***** piety under Trog
  6954 | D:8      | Noticed Erolcha
  7010 | D:9      | Found a sacrificial altar of Ru.
  7010 | D:9      | Found a sparkling altar of Nemelex Xobeh.
  7044 | D:9      | Noticed Maurice
  7221 | D:9      | Found a staircase to the Orcish Mines.
  7493 | D:9      | Reached skill level 11 in Maces & Flails
  7638 | D:9      | Got a heavy robe
  7649 | D:9      | Identified the +1 robe of the Republic {MR++ rCorr} (You found it on level 9 of the Dungeon)
  7695 | D:9      | Noticed Erica
  7708 | D:9      | Killed Maurice
  7730 | D:9      | HP: 4/91 [something (10)]
  7730 | D:9      | HP: 1/91 [something (3)]
  7732 | D:9      | Mangled by Erica

Skill      XL: |  1  2  3  4  5  6  7  8  9 10 |
---------------+-------------------------------+-----
Fighting       | 4 5 6 7 8 9 |  9.3
Maces & Flails | 4 5 7 8 10 11 | 11.0
Dodging        | 3 4 5 6 |  6.7
Shields        | 1 2 3 5 6 7 |  7.2
Armour         | 3 4 5 6 7 8 |  8.2
Stealth        | 1 2 |  2.0

Action                   |  1- 3 |  4- 6 |  7- 9 | 10-12 || total
-------------------------+-------+-------+-------+-------++-------
Melee: Mace              |    76 |    57 |       |       ||   133
       Headbutt          |    11 |    30 |    36 |    32 ||   109
       Morningstar       |       |   108 |   202 |   135 ||   445
       Unarmed           |       |       |       |     9 ||     9
Invok: Berserk           |       |     1 |     5 |     2 ||     8
       Trog's Hand       |       |       |       |     1 ||     1
       Brothers in Arms  |       |       |       |     1 ||     1
  Use: Scroll            |       |       |     7 |       ||     7
       Potion            |       |       |       |     2 ||     2
 Stab: Sleeping          |       |     1 |       |       ||     1
       Distracted        |       |       |     1 |       ||     1
       Invisible         |       |       |       |     1 ||     1
  Eat: Chunk             |       |     5 |     3 |     2 ||    10
       Bread ration      |       |     1 |     1 |     1 ||     3
       Royal jelly       |       |     1 |       |       ||     1
       Beef jerky        |       |       |     2 |       ||     2
       Meat ration       |       |       |       |     1 ||     1
Armor: Animal skin       |    15 |     8 |       |       ||    23
       Ring mail         |       |    41 |    14 |       ||    55
       Leather armour    |       |    18 |       |       ||    18
       Scale mail        |       |       |    56 |     1 ||    57
       Chain mail        |       |       |       |    77 ||    77
Dodge: Dodged            |    32 |    49 |    44 |    33 ||   158
Block: Large shield      |    29 |   114 |   157 |   123 ||   423
